 Dungeon Crawl Stone Soup version 0.30.0 (webtiles) character file.

Game seed: 3851017646656633453

8 Dani the Trooper (level 2, 24/24 HPs)
             Began as a Demonspawn Fighter on May 20, 2023.
             Quit the game on level 1 of the Dungeon.
             The game lasted 00:00:18 (215 turns).

Dani the Trooper (Demonspawn Fighter)                Turns: 215, Time: 00:00:19

Health: 24/24      AC:  6    Str: 16    XL:     2   Next: 0%
Magic:  2/2        EV: 10    Int:  9    God:
Gold:   50         SH:  4    Dex: 12    Spells: 1/1 levels left

rFire   . . .        a - +0 war axe
rCold   . . .        c - +0 buckler
rNeg    . . .        b - +0 scale mail
rPois   .            (no helmet)
rElec   .            (no cloak)
rCorr   .            (no gloves)
SInv    .            (no boots)
Will    .....        (no amulet) Stlth
                     (no ring)
HPRegen 0.24/turn    (no ring)
MPRegen 0.08/turn

%: no passive effects
@: no status effects
A: repulsion field 1
a: no special abilities


You were on level 1 of the Dungeon.
You visited 1 branch of the dungeon, and saw 1 of its levels.

You collected 50 gold pieces.

Inventory:

Hand Weapons
 a - a +0 war axe (weapon)
Armour
 b - a +0 scale mail (worn)
 c - a +0 buckler (worn)
Scrolls
 f - a scroll of immolation {unknown}
 g - a scroll of silence {unknown}
Potions
 d - a potion of might
 e - 3 potions of curing {unknown}


   Skills:
 - Level 3.0 Fighting
 + Level 2.5 Axes
 - Level 2.6 Armour
 - Level 2.6 Shields


You had one spell level left.
You didn't know any spells.
Your spell library was empty.

Dungeon Overview and Level Annotations

Branches:
Dungeon (1/15)

Altars:


Innate Abilities, Weirdness & Mutations

You are surrounded by a mild repulsion field. (EV +2)


Message History

A bat is nearby!
You miss the bat. The bat barely misses you.
A bat is nearby!
The bat barely misses you.
A bat is nearby!
The bat hits you but does no damage.
A bat is nearby!
You barely miss the bat. The bat hits you but does no damage. x2
You hit the bat.
You kill the bat!
A dart slug comes into view.
The dart slug launches a dart at you. The slug dart misses you.
A dart slug is nearby!
A dart slug is nearby!
A dart slug is nearby!
You slash the dart slug!
The dart slug is almost dead.
The dart slug barely misses you.
A dart slug is nearby!
You hit the dart slug.
The dart slug is almost dead.
The dart slug launches a dart at you. The slug dart hits you.
A dart slug is nearby!
You hit the dart slug.
You kill the dart slug!
HP restored.
You now have 35 gold pieces (gained 11).
Key pressed, stopping explore.
No target in view!
Key pressed, stopping explore.
No target in view!
No target in view!
e - 2 white potions (gained 1) Key pressed, stopping explore.
No target in view!
Found a chain mail.
No target in view!
g - a scroll labelled NYLIUMU MOIBY No target in view!
Key pressed, stopping explore.
No target in view!
You now have 50 gold pieces (gained 15).
Key pressed, stopping explore.
No target in view!
Key pressed, stopping explore.
No target in view!
Key pressed, stopping explore.
No target in view!
Key pressed, stopping explore.
No target in view!
Key pressed, stopping explore.
No target in view!
Key pressed, stopping explore.
No target in view!
Key pressed, stopping explore.
A rat and a goblin come into view.
The goblin shouts!
There are monsters nearby!
There are monsters nearby!
There are monsters nearby!
There are monsters nearby!
There are monsters nearby!
Found a ring mail.
The goblin barely misses you.
You closely miss the rat. You barely miss the goblin.
The goblin hits you with a +0 club. The rat bites you but does no damage.
There are monsters nearby!
You barely miss the rat. You closely miss the goblin.
The goblin hits you but does no damage. The rat bites you but does no damage.
There are monsters nearby!
You hit the rat.
You kill the rat!
You slash the goblin!
You kill the goblin!
Found a club.
No target in view!
Found a stone staircase leading down.
No target in view!
Key pressed, stopping explore.
No target in view!
Key pressed, stopping explore.
No target in view!
There is a stone staircase leading down here.
Key pressed, stopping explore.
e - 3 white potions (gained 1) Key pressed, stopping explore.
Key pressed, stopping explore.
Key pressed, stopping explore.
A kobold comes into view. It is wielding a +0 dagger.
The kobold shouts!
A kobold is nearby!
A kobold is nearby!
A kobold is nearby!
You hit the kobold.
You kill the kobold!
You have reached level 2!
Your demonic ancestry asserts itself...
You begin to radiate repulsive energy.
Are you sure you want to abandon this character and quit the game? (Confirm with "yes".)

#.........###......# ♣..<.♣
#.........##..#....# ♣....♣
#..)......#..##....#.# ♣♣♣.♣♣
#.........#.###..###.# ♣♣♣.♣
#.................##.# .♣..
..........#.......##.# ♣.♣♣
..........#.......#..# .♣♣♣
...............)..#..# ♣♣..♣
...........(....@.#..# ♣...♣
..##......#.......#..########.###
..........#...................# #
............###...............###
................#...........#..##
.######...........#.......#......
. #....#........#...#.....###
#.##............#..........
#...............#..........


There were no monsters in sight!

Vanquished Creatures
  A dart slug (D:1)
  3 goblins (D:1)
  A bat (D:1)
  A kobold (D:1)
  A rat (D:1)
7 creatures vanquished.

Notes
Turn   | Place    | Note
-------+----------+-------------------------------------------
     0 | D:1      | Dani the Demonspawn Fighter began the quest for the Orb.
     0 | D:1      | Reached XP level 1. HP: 18/18 MP: 1/1
    56 | D:1      | Reached skill level 2 in Axes
   215 | D:1      | Gained mutation: You are surrounded by a mild repulsion
                  | field. (EV +2) [demonic ancestry]
   215 | D:1      | Reached XP level 2. HP: 24/24 MP: 2/2
   215 | D:1      | Quit the game

Illustrated notes

Levels and vault maps discovered:
D:1:      roderic_dead_forest, layout_rooms, minmay_misc_feat_more_columns

Skill      XL: |  1 |
---------------+----+-----
Axes           | 2 |  2.5
Fighting       | |  3.0
Armour         | |  2.6
Shields        | |  2.6

Action                     || total
---------------------------++-------
  Melee: War axe           ||    19
 Armour: Scale mail        ||    16
  Dodge: Dodged            ||     8

Levels and vault maps discovered:
D:1:      roderic_dead_forest, layout_rooms, minmay_misc_feat_more_columns

Table legend: (Time is in decaauts)
 A = Elapsed time spent in this place.
 B = Non-inter-level travel time spent in this place.
 C = Inter-level travel time spent in this place.
 D = Time resting spent in this place.
 E = Time spent auto-exploring this place.
 F = Levels seen in this place.
 G = Mean time per level.
                   A        B        C        D        E       F      G
               +--------+--------+--------+--------+--------+-----+--------+
         Total |    223 |    223 |      0 |      0 |    168 |   1 |  223.0 |
       Dungeon |    223 |    223 |      0 |      0 |    168 |   1 |  223.0 |
               +--------+--------+--------+--------+--------+-----+--------+

Top non-repeatable levels by time:
     D:1: 223 daAuts

Table legend:
 A = Kills in this place as a percentage of kills in the entire game.
 B = Kills by you in this place as a percentage of kills by you in the entire game.
 C = Kills by friends in this place as a percentage of kills by friends in the entire game.
 D = Other kills in this place as a percentage of other kills in the entire game.
 E = Experience gained in this place as a percentage of experience gained in the entire game.
 F = Experience gained in this place divided by the number of levels of this place that you have seen.
                   A       B       C       D       E      F
               +-------+-------+-------+-------+-------+----------------------
         Total | 100.0 | 100.0 |   N/A |   N/A | 100.0 |  12.0
       Dungeon | 100.0 | 100.0 |   N/A |   N/A | 100.0 |  12.0
               +-------+-------+-------+-------+-------+----------------------
